[ AOE2 MATCH · #513789951 ]
UnrankedLithuanians vs Tatars
Rival team · LOSS
[ REPLAY ANALYSIS · EXTRACTED FROM THE RECORDED GAME ]
Feudal
10:06
Castle
22:08
Imperial
—
| APM avg | 102.7 |
| APM peak | 184 |
| eAPM avg | 55.0 |
| Villagers / military | 152 / 76 |
Focus
⚔️ 65.1% · 🌾 34.9%
Skirmisher ×34 · Archer ×19 · Monk ×11 · Militia ×10 · Knight ×1 · Spearman ×1
Feudal
9:17
Castle
24:24
Imperial
—
| APM avg | 73.5 |
| APM peak | 118 |
| eAPM avg | 40.0 |
| Villagers / military | 84 / 95 |
Focus
⚔️ 64.8% · 🌾 35.2%
Archer ×60 · Knight ×17 · Scout Cavalry ×9 · Mangonel ×5 · Monk ×3 · Spearman ×1
Match map
Initial resources + every placement click. Lines = walls · curves = elevation contours. ◆ gold · ⬟ stone · ● berries · ✦ relic · ◌ wall gap
Your base· Open — unwalled flank
TAG_Sora Kuma's base· Open — 6t gap
Smoothed initial terrain · ◌ = detected wall gap · hover for details
Inputs per minute
— Oni.TheViper - - TAG_Sora Kuma
Build order — Oni.TheViper
First 150 of 415 actions detected
| 0:00 | Queue | Villager (Male) |
| 0:00 | Queue | Villager (Male) |
| 0:04 | Build | House |
| 0:05 | Build | House |
| 0:06 | Queue | Villager (Male) |
| 0:10 | Queue | Villager (Male) |
| 0:15 | Queue | Villager (Male) |
| 0:24 | Queue | Villager (Male) |
| 1:25 | Queue | Villager (Male) |
| 2:05 | Build | Barracks |
| 2:08 | Queue | Villager (Male) |
| 3:02 | Queue | Militia |
| 3:02 | Queue | Militia |
| 3:02 | Queue | Militia |
| 3:05 | Build | House |
| 3:11 | Queue | Villager (Male) |
| 3:41 | Queue | Villager (Male) |
| 3:48 | Queue | Militia |
| 3:48 | Queue | Militia |
| 4:05 | Queue | Villager (Male) |
| 4:05 | Queue | Villager (Male) |
| 4:25 | Build | House |
| 4:29 | Queue | Villager (Male) |
| 4:41 | Queue | Villager (Male) |
| 5:03 | Queue | Villager (Male) |
| 5:10 | Queue | Villager (Male) |
| 5:21 | Queue | Villager (Male) |
| 5:43 | Queue | Villager (Male) |
| 6:10 | Queue | Villager (Male) |
| 6:44 | Queue | Villager (Male) |
| 6:55 | Build | Lumber Camp |
| 7:19 | Research | Loom |
| 7:38 | Research | Feudal Age |
| 7:39 | Research | Feudal Age |
| 7:53 | Build | Mining Camp |
| 8:01 | Build | House |
| 8:33 | Queue | Militia |
| 8:33 | Queue | Militia |
| 8:35 | Build | Mill |
| 8:51 | Queue | Villager (Male) |
| 8:57 | Build | House |
| 9:02 | Queue | Militia |
| 9:07 | Build | House |
| 9:18 | Queue | Militia |
| 9:18 | Queue | Militia |
| 9:49 | Queue | Villager (Male) |
| 9:53 | Build | Palisade Wall |
| 9:54 | Build | Palisade Gate |
| 9:55 | Build | Palisade Gate |
| 10:01 | Build | Palisade Wall |
| 10:06 | Age | Feudal Age |
| 10:22 | Research | Man-at-Arms (upgrade) |
| 10:22 | Research | Man-at-Arms (upgrade) |
| 10:36 | Build | Farm |
| 10:36 | Build | Farm |
| 10:37 | Build | Farm |
| 10:40 | Build | Archery Range |
| 10:57 | Build | House |
| 10:58 | Build | Palisade Wall |
| 10:59 | Queue | Villager (Male) |
| 11:04 | Build | Farm |
| 11:29 | Build | Farm |
| 11:31 | Queue | Spearman |
| 11:42 | Build | Palisade Wall |
| 11:43 | Build | Palisade Wall |
| 11:46 | Queue | Archer |
| 11:52 | Queue | Villager (Male) |
| 12:06 | Build | House |
| 12:12 | Queue | Villager (Male) |
| 12:20 | Build | Farm |
| 12:26 | Queue | Archer |
| 12:41 | Queue | Villager (Male) |
| 12:43 | Queue | Villager (Male) |
| 12:46 | Build | Farm |
| 12:55 | Queue | Archer |
| 13:06 | Queue | Villager (Male) |
| 13:11 | Queue | Skirmisher |
| 13:14 | Build | Farm |
| 13:16 | Build | House |
| 13:17 | Build | House |
| 13:23 | Queue | Villager (Male) |
| 13:29 | Research | Double-Bit Axe |
| 13:29 | Research | Double-Bit Axe |
| 13:45 | Queue | Villager (Male) |
| 13:50 | Queue | Archer |
| 14:02 | Queue | Villager (Male) |
| 14:13 | Build | Blacksmith |
| 14:16 | Build | Blacksmith |
| 14:19 | Build | Blacksmith |
| 14:23 | Queue | Villager (Male) |
| 14:31 | Queue | Villager (Male) |
| 14:34 | Queue | Archer |
| 14:51 | Queue | Villager (Male) |
| 14:52 | Queue | Villager (Male) |
| 14:54 | Queue | Skirmisher |
| 15:03 | Research | Fletching |
| 15:04 | Research | Fletching |
| 15:10 | Queue | Skirmisher |
| 15:11 | Queue | Villager (Male) |
| 15:13 | Build | Farm |
| 15:14 | Build | Farm |
| 15:27 | Queue | Villager (Male) |
| 15:34 | Queue | Villager (Male) |
| 15:42 | Build | House |
| 15:47 | Queue | Skirmisher |
| 15:54 | Build | Farm |
| 15:55 | Build | Farm |
| 15:57 | Build | Farm |
| 16:08 | Queue | Villager (Male) |
| 16:13 | Queue | Villager (Male) |
| 16:20 | Queue | Archer |
| 16:39 | Queue | Archer |
| 16:43 | Build | Farm |
| 16:44 | Build | Farm |
| 16:52 | Queue | Archer |
| 16:58 | Queue | Villager (Male) |
| 17:09 | Research | Wheelbarrow |
| 17:29 | Queue | Villager (Male) |
| 17:42 | Queue | Villager (Male) |
| 17:55 | Queue | Archer |
| 18:04 | Build | Farm |
| 18:08 | Build | Lumber Camp |
| 18:41 | Queue | Archer |
| 18:58 | Build | Archery Range |
| 19:25 | Build | Farm |
| 19:28 | Research | Castle Age |
| 19:29 | Build | Farm |
| 19:48 | Research | Padded Archer Armor |
| 19:49 | Queue | Villager (Male) |
| 20:13 | Build | Farm |
| 20:15 | Queue | Archer |
| 20:16 | Queue | Villager (Male) |
| 20:18 | Build | Stable |
| 20:19 | Queue | Archer |
| 20:28 | Build | House |
| 20:29 | Build | House |
| 20:36 | Build | Farm |
| 20:36 | Build | Farm |
| 20:42 | Queue | Archer |
| 20:42 | Queue | Archer |
| 20:55 | Queue | Archer |
| 21:20 | Build | Farm |
| 21:38 | Queue | Archer |
| 21:43 | Build | Farm |
| 21:44 | Build | Farm |
| 22:03 | Build | Farm |
| 22:08 | Age | Castle Age |
| 22:10 | Research | Crossbowman (upgrade) |
| 22:11 | Queue | Villager (Male) |
| 22:16 | Queue | Villager (Male) |
Build order — TAG_Sora Kuma
First 150 of 312 actions detected
| 0:02 | Build | House |
| 0:02 | Queue | Villager (Male) |
| 0:03 | Build | House |
| 0:13 | Queue | Villager (Male) |
| 0:17 | Queue | Villager (Male) |
| 0:18 | Queue | Villager (Male) |
| 1:29 | Queue | Villager (Male) |
| 1:59 | Queue | Villager (Male) |
| 2:18 | Queue | Villager (Male) |
| 2:40 | Build | Lumber Camp |
| 2:46 | Queue | Villager (Male) |
| 3:12 | Queue | Villager (Male) |
| 3:12 | Queue | Villager (Male) |
| 3:50 | Build | House |
| 3:58 | Queue | Villager (Male) |
| 3:59 | Queue | Villager (Male) |
| 4:16 | Queue | Villager (Male) |
| 4:32 | Build | House |
| 4:54 | Queue | Villager (Male) |
| 5:13 | Queue | Villager (Male) |
| 5:22 | Build | Mill |
| 5:41 | Build | Palisade Wall |
| 5:42 | Build | Palisade Wall |
| 5:44 | Build | Palisade Wall |
| 5:46 | Build | Palisade Wall |
| 5:48 | Build | Mining Camp |
| 5:50 | Build | Palisade Wall |
| 5:51 | Build | Palisade Wall |
| 5:53 | Queue | Villager (Male) |
| 5:57 | Build | Palisade Wall |
| 5:59 | Build | Palisade Wall |
| 6:07 | Build | Palisade Wall |
| 6:11 | Queue | Villager (Male) |
| 6:27 | Research | Loom |
| 7:05 | Research | Feudal Age |
| 7:13 | Build | Palisade Wall |
| 7:13 | Build | Palisade Wall |
| 7:23 | Build | Palisade Wall |
| 7:24 | Build | Palisade Wall |
| 7:24 | Build | Palisade Wall |
| 7:38 | Build | Palisade Wall |
| 7:39 | Build | Palisade Wall |
| 7:40 | Build | Palisade Wall |
| 7:40 | Build | Palisade Wall |
| 7:41 | Build | Palisade Wall |
| 7:58 | Build | House |
| 8:10 | Build | Barracks |
| 8:23 | Queue | Villager (Male) |
| 8:30 | Build | House |
| 8:48 | Build | House |
| 9:17 | Age | Feudal Age |
| 9:19 | Build | Stable |
| 9:33 | Research | Double-Bit Axe |
| 9:36 | Queue | Spearman |
| 9:39 | Queue | Villager (Male) |
| 9:59 | Queue | Villager (Male) |
| 10:06 | Queue | Scout Cavalry |
| 10:22 | Build | Archery Range |
| 10:28 | Queue | Villager (Male) |
| 10:49 | Queue | Scout Cavalry |
| 11:05 | Build | Mill |
| 11:06 | Queue | Archer |
| 11:20 | Queue | Villager (Male) |
| 11:24 | Queue | Archer |
| 11:30 | Build | Stone Wall |
| 11:39 | Build | Stone Wall |
| 11:47 | Build | Stone Wall |
| 11:50 | Queue | Villager (Male) |
| 11:50 | Queue | Archer |
| 11:52 | Queue | Archer |
| 11:57 | Build | Farm |
| 11:58 | Build | Farm |
| 12:04 | Build | House |
| 12:05 | Build | Farm |
| 12:16 | Queue | Villager (Male) |
| 12:19 | Build | Farm |
| 12:27 | Queue | Villager (Male) |
| 12:44 | Build | Farm |
| 12:47 | Queue | Archer |
| 12:54 | Queue | Villager (Male) |
| 12:58 | Build | Farm |
| 12:58 | Queue | Villager (Male) |
| 13:13 | Queue | Villager (Male) |
| 13:20 | Build | House |
| 13:59 | Research | Wheelbarrow |
| 14:03 | Queue | Archer |
| 14:06 | Queue | Scout Cavalry |
| 14:10 | Build | Mill |
| 14:13 | Queue | Villager (Male) |
| 14:15 | Research | Wheelbarrow |
| 14:17 | Build | House |
| 14:19 | Queue | Villager (Male) |
| 14:21 | Build | Farm |
| 14:30 | Queue | Villager (Male) |
| 14:33 | Build | House |
| 14:54 | Queue | Archer |
| 14:55 | Queue | Villager (Male) |
| 15:05 | Queue | Villager (Male) |
| 15:09 | Build | Blacksmith |
| 15:14 | Build | House |
| 15:15 | Build | House |
| 15:16 | Build | Palisade Wall |
| 15:20 | Queue | Scout Cavalry |
| 15:45 | Queue | Villager (Male) |
| 16:01 | Research | Fletching |
| 16:03 | Queue | Villager (Male) |
| 16:10 | Build | Farm |
| 16:29 | Build | House |
| 16:31 | Build | Palisade Wall |
| 16:37 | Queue | Villager (Male) |
| 16:40 | Build | House |
| 16:42 | Queue | Villager (Male) |
| 16:44 | Build | Palisade Wall |
| 16:57 | Queue | Scout Cavalry |
| 17:06 | Build | Farm |
| 17:11 | Queue | Villager (Male) |
| 17:58 | Queue | Villager (Male) |
| 18:00 | Queue | Villager (Male) |
| 18:01 | Queue | Scout Cavalry |
| 18:02 | Queue | Villager (Male) |
| 18:06 | Build | Palisade Wall |
| 18:10 | Build | Lumber Camp |
| 18:16 | Queue | Scout Cavalry |
| 18:18 | Build | Farm |
| 18:19 | Build | Farm |
| 18:30 | Queue | Archer |
| 18:31 | Queue | Scout Cavalry |
| 18:40 | Queue | Archer |
| 18:41 | Queue | Scout Cavalry |
| 18:51 | Queue | Villager (Male) |
| 18:56 | Research | Scale Barding Armor |
| 18:59 | Queue | Archer |
| 19:23 | Queue | Villager (Male) |
| 19:33 | Queue | Archer |
| 19:34 | Build | House |
| 19:35 | Build | House |
| 19:36 | Build | House |
| 19:48 | Queue | Archer |
| 20:02 | Queue | Archer |
| 20:12 | Queue | Archer |
| 20:13 | Queue | Villager (Male) |
| 20:16 | Build | Farm |
| 20:31 | Build | Farm |
| 20:32 | Build | Farm |
| 20:49 | Build | Lumber Camp |
| 20:53 | Build | Palisade Wall |
| 20:58 | Queue | Villager (Male) |
| 21:13 | Build | Palisade Wall |
| 21:40 | Build | Farm |
| 21:44 | Research | Castle Age |
Match timeline
| 2:05 | Oni.TheViper · first_building Barracks |
| 5:41 | TAG_Sora Kuma · wall_segment Palisade Wall x1 |
| 5:42 | TAG_Sora Kuma · wall_segment Palisade Wall x1 |
| 5:44 | TAG_Sora Kuma · wall_segment Palisade Wall x1 |
| 5:46 | TAG_Sora Kuma · wall_segment Palisade Wall x1 |
| 5:50 | TAG_Sora Kuma · wall_segment Palisade Wall x1 |
| 5:51 | TAG_Sora Kuma · wall_segment Palisade Wall x1 |
| 5:57 | TAG_Sora Kuma · wall_segment Palisade Wall x1 |
| 5:59 | TAG_Sora Kuma · wall_segment Palisade Wall x1 |
| 6:07 | TAG_Sora Kuma · wall_segment Palisade Wall x1 |
| 7:13 | TAG_Sora Kuma · wall_segment Palisade Wall x1 |
| 7:13 | TAG_Sora Kuma · wall_segment Palisade Wall x1 |
| 7:23 | TAG_Sora Kuma · wall_segment Palisade Wall x1 |
| 7:24 | TAG_Sora Kuma · wall_segment Palisade Wall x1 |
| 7:24 | TAG_Sora Kuma · wall_segment Palisade Wall x1 |
| 7:38 | TAG_Sora Kuma · wall_segment Palisade Wall x1 |
| 7:39 | TAG_Sora Kuma · wall_segment Palisade Wall x1 |
| 7:40 | TAG_Sora Kuma · wall_segment Palisade Wall x1 |
| 7:40 | TAG_Sora Kuma · wall_segment Palisade Wall x1 |
| 7:41 | TAG_Sora Kuma · wall_segment Palisade Wall x1 |
| 8:10 | TAG_Sora Kuma · first_building Barracks |
| 9:17 | TAG_Sora Kuma · age_up feudal |
| 9:19 | TAG_Sora Kuma · first_building Stable |
| 9:53 | Oni.TheViper · wall_segment Palisade Wall x1 |
| 10:01 | Oni.TheViper · wall_segment Palisade Wall x1 |
| 10:06 | Oni.TheViper · age_up feudal |
| 10:22 | TAG_Sora Kuma · first_building Archery Range |
| 10:40 | Oni.TheViper · first_building Archery Range |
| 10:58 | Oni.TheViper · wall_segment Palisade Wall x6 |
| 11:30 | TAG_Sora Kuma · wall_segment Stone Wall x1 |
| 11:39 | TAG_Sora Kuma · wall_segment Stone Wall x1 |
| 11:42 | Oni.TheViper · wall_segment Palisade Wall x2 |
| 11:43 | Oni.TheViper · wall_segment Palisade Wall x2 |
| 11:47 | TAG_Sora Kuma · wall_segment Stone Wall x1 |
| 15:16 | TAG_Sora Kuma · wall_segment Palisade Wall x8 |
| 16:31 | TAG_Sora Kuma · wall_segment Palisade Wall x1 |
| 16:44 | TAG_Sora Kuma · wall_segment Palisade Wall x1 |
| 18:06 | TAG_Sora Kuma · wall_segment Palisade Wall x1 |
| 20:18 | Oni.TheViper · first_building Stable |
| 20:53 | TAG_Sora Kuma · wall_segment Palisade Wall x19 |
| 21:13 | TAG_Sora Kuma · wall_segment Palisade Wall x17 |
| 22:08 | Oni.TheViper · age_up castle |
| 24:24 | TAG_Sora Kuma · age_up castle |
| 24:29 | Oni.TheViper · first_building Monastery |
| 28:04 | TAG_Sora Kuma · first_building Siege Workshop |
| 28:13 | TAG_Sora Kuma · wall_segment Stone Wall x1 |
| 29:50 | TAG_Sora Kuma · first_building Monastery |
| 31:29 | Oni.TheViper · first_building Siege Workshop |
| 35:53 | Oni.TheViper · first_market_buy 100 wood |
| 35:57 | Oni.TheViper · first_market_sell 100 food |
| 36:55 | Oni.TheViper · first_building Castle |
| 37:51 | TAG_Sora Kuma · resign |
[ AI ANALYSIS · 1 CREDIT ]
What really happened in this match?
Wolo.gg analyzes every decision: build order, eco, micro, common mistakes by bracket. Personalized analysis on WhatsApp or Discord in 30 seconds.
Civ guide
Lithuanians
Perfil
Jugador #196240